 Dungeon Crawl Stone Soup version 0.26.0-16-gc1dbca0489 (webtiles) character file.

Game seed: 948196914814052585

10 EnegeticOcto the Sneak (level 2, -8/27 HPs)
             Began as a Deep Dwarf Delver on Jan 18, 2021.
             Mangled by Edmund
             ... wielding a +0 dire flail of protection
              (9 damage)
             ... on level 6 of the Dungeon.
             The game lasted 00:01:20 (92 turns).

EnegeticOcto the Sneak (Deep Dwarf Delver)            Turns: 92, Time: 00:01:20

Health: -8/27      AC:  3    Str: 15    XL:     2   Next: 10%
Magic:  1/1        EV: 12    Int: 10    God:
Gold:   0          SH:  0    Dex: 14    Spells: 1/1 levels left

rFire    . . .     SeeInvis .   a - +0 hand axe
rCold    . . .     Faith    .   (no shield)
rNeg     . . .     Spirit   .   b - +0 leather armour
rPois    .         Reflect  .   (no helmet)
rElec    .         Harm     .   (no cloak)
rCorr    .         Rampage  .   (no gloves)
Will     .....                  (no boots)
Stlth    +++.......             (no amulet)
HPRegen  0.00/turn              (no ring)
MPRegen  0.07/turn              (no ring)

@: non-regenerating
A: damage resistance, heal wounds, sense surroundings 1, no regeneration
a: Heal Wounds


You were on level 6 of the Dungeon.
You visited 1 branch of the dungeon, and saw 2 of its levels.

Inventory:

Hand Weapons
 a - a +0 hand axe (weapon)
Armour
 b - a +0 leather armour (worn)
Wands
 g - a wand of digging (3) {@v3}
Scrolls
 c - a scroll of fog {!r}
 d - a scroll of magic mapping {@r5 !r}
 e - a scroll of fear {!r}
Potions
 f - a potion of haste {@q4 !q}


   Skills:
 - Level 2.6 Fighting
 + Level 3.1 Axes
 - Level 2.1 Dodging
 - Level 6.0 Stealth


You had one spell level left.
You didn't know any spells.
Your spell library was empty.

Dungeon Overview and Level Annotations

Branches:
Dungeon (6/15)
 Temple: D:4-7

Altars:

Shops:
D:6 =

Annotations:
D:6 Edmund, Prince Ribbit


Innate Abilities, Weirdness & Mutations

You are resistant to damage.
You can heal yourself by infusing magical energy.
You passively map a small area around you.
You do not regenerate.


Message History

The adder poisons you! The adder bites you.
You hit the adder.
You kill the adder!
Your Axes skill increases to level 3!
You have reached level 2!
Edmund shouts!
There is an entrance to Ybicil's Jewellery Shoppe here.
You can access your shopping list by pressing '$'.
Found an emerald potion.
You barely miss Edmund. Edmund barely misses you.
You barely miss Edmund. Edmund closely misses you.
Edmund hits you with a +0 dire flail of protection!
You hit Edmund but do no damage. Edmund misses you.
You closely miss Edmund. Edmund closely misses you.
You closely miss Edmund. Edmund closely misses you.
You barely miss Edmund. Edmund closely misses you.
You barely miss Edmund.
Edmund hits you with a +0 dire flail of protection!
* * * LOW HITPOINT WARNING * * *
You are too injured to fight recklessly!
You are too injured to fight recklessly!
You are too injured to fight recklessly!
You are too injured to fight recklessly!
You are too injured to fight recklessly!
You feel much better. Edmund barely misses you.
You hit Edmund but do no damage.
Edmund hits you with a +0 dire flail of protection!
You hit Edmund.
Edmund is lightly wounded.
Edmund closely misses you.
You hit Edmund but do no damage.
Edmund is lightly wounded.
Edmund hits you with a +0 dire flail of protection.
You barely miss Edmund.
Edmund is lightly wounded.
Edmund closely misses you.
You hit Edmund.
Edmund is lightly wounded.
Edmund closely misses you.
You hit Edmund.
Edmund is moderately wounded.
Edmund barely misses you.
You closely miss Edmund.
Edmund is moderately wounded.
Edmund hits you with a +0 dire flail of protection.
You hit Edmund but do no damage.
Edmund is moderately wounded.
Edmund hits you with a +0 dire flail of protection!
You are too injured to fight recklessly!
You are too injured to fight recklessly!
You are too injured to fight recklessly!
You are too injured to fight recklessly!
You are too injured to fight recklessly!
You are too injured to fight recklessly!
You are too injured to fight recklessly!
You are too injured to fight recklessly!
You are too injured to fight recklessly!
You are too injured to fight recklessly!
You are too injured to fight recklessly!
Your magical essence is drained by the effort!
You feel much better.
Edmund hits you with a +0 dire flail of protection.
You closely miss Edmund.
Edmund is moderately wounded.
You are no longer poisoned.
Edmund misses you.
You hit Edmund.
Edmund is moderately wounded.
Edmund barely misses you.
You hit Edmund.
Edmund is heavily wounded.
Edmund hits you but does no damage.
You closely miss Edmund.
Edmund is heavily wounded.
Edmund hits you with a +0 dire flail of protection.
You hit Edmund but do no damage.
Edmund is heavily wounded.
Edmund hits you with a +0 dire flail of protection!
You are too injured to fight recklessly!
You are too injured to fight recklessly!
You are too injured to fight recklessly!
You are too injured to fight recklessly!
You are too injured to fight recklessly!
You are too injured to fight recklessly!
You are too injured to fight recklessly!
You are too injured to fight recklessly!
You are too injured to fight recklessly!
You are too injured to fight recklessly!
You are too injured to fight recklessly!
You are too injured to fight recklessly!
You are too injured to fight recklessly!
You are too injured to fight recklessly!
You are too injured to fight recklessly!
You fail to use your ability.
Edmund hits you with a +0 dire flail of protection!
* * * LOW HITPOINT WARNING * * *
You fail to use your ability.
Edmund asks, "Have you met my wondrous brother?"
Edmund hits you with a +0 dire flail of protection!
You die...

#....... #...!..
** #.....,
#######.... , ,
..........## * , ,
#...........
#.......<.#* **
#......@@.### #
#...........#.###
#.......∩.#.)...#
#.$...<..........,
#.........####...
#........†# * .#*
#####..#### .
###..########## *
#.............## *


You could see Edmund.

Vanquished Creatures
  An adder (D:6)
  A quokka (D:6)
2 creatures vanquished.

Notes
Turn   | Place    | Note
-------+----------+-------------------------------------------
     0 | D:5      | EnegeticOcto the Deep Dwarf Delver began the quest for the
                  | Orb.
     0 | D:5      | Reached XP level 1. HP: 20/20 MP: 1/1
     2 | D:6      | Noticed Prince Ribbit
    38 | D:6      | Noticed a sky beast
    45 | D:6      | Found Ybicil's Jewellery Shoppe.
    48 | D:6      | Noticed Edmund
    64 | D:6      | Reached skill level 3 in Axes
    64 | D:6      | Reached XP level 2. HP: 21/27 MP: 2/2
    85 | D:6      | Your magical essence is drained by the effort!
    91 | D:6      | HP: 1/27 [Edmund/+0 dire flail of protection (10)]
    92 | D:6      | Mangled by Edmund

Illustrated notes

Levels and vault maps discovered:
D:5:      layout_gridville, ebering_dispersal_statue_hall,
          minmay_misc_feat_doors, minmay_manual_maat, uniq_eustachio
D:6:      layout_rooms, overflow_temple_1_default, serial_glass,
          glass_columns_c, glass_columns_c, serial_shops, shop, minmay_between,
          uniq_prince_ribbit1, uniq_edmund

Skill      XL: |  1 |
---------------+----+-----
Axes           | 3 |  3.1
Fighting       | |  2.6
Dodging        | |  2.1
Stealth        | |  6.0

Action                   || total
-------------------------++-------
Melee: Hand axe          ||    40
 Abil: Heal Wounds       ||     3
  Use: Scroll            ||     2
       Potion            ||     1
 Stab: Sleeping          ||     3
Armor: Leather armour    ||     1
Dodge: Dodged            ||    28
